K2, lawful female human Valkyrie -------- |.)..<.| |......| |......| |......| ----.--- # # # ### ---- # |.). ------.--- |.). |........| |.)) |.........#####..@) |..%>....| |.%) ---------- K2 the Woman-at-arms Experience level: 12 Strength: 25 Dexterity: 14 Constitution: 18 Intelligence: 9 Wisdom: 10 Charisma: 8 Health: 94(98) Energy: 28(28) Def: 18 Gold: 9520 Moves: 20007 Dungeon seed: v4kud0TG3D9B2LFl Game ID: K2_1476410804 Your Inventory: Coins $ - 9520 gold pieces Amulets e - an uncursed amulet of reflection (being worn) Weapons a - the blessed rustproof +1 Excalibur (weapon in hand) b - a blessed +0 silver saber (wielded in other hand) c - 10 uncursed +0 daggers (in quiver) Armor A - an uncursed +0 leather cloak (being worn) B - an uncursed +0 elven mithril-coat (being worn) D - an uncursed +0 orcish helm (being worn) E - an uncursed +0 pair of gauntlets of power (being worn) F - a blessed +0 pair of elven boots (being worn) I - an uncursed +0 mummy wrapping Comestibles d - an uncursed lizard corpse f - 6 uncursed food rations m - an uncursed egg q - an uncursed C-ration Scrolls g - an uncursed scroll of teleportation n - a cursed scroll of punishment t - an uncursed scroll of enchant weapon Potions h - an uncursed potion of see invisible j - an uncursed potion of invisibility w - an uncursed potion of fruit juice y - an uncursed potion of sickness z - an uncursed potion of object detection G - an uncursed potion of sleeping Wands i - an uncursed wand of teleportation (0:4) s - an uncursed wand of create monster (0:0) C - an uncursed wand of striking (0:5) L - an uncursed wand of sleep (0:2) T - a cursed wand of light (0:14) U - an uncursed wand of magic missile (0:6) Tools k - an uncursed lock pick l - an uncursed oil lamp (0:111) p - an uncursed +0 pick-axe u - an uncursed +0 unicorn horn v - an uncursed blindfold Gems x - 2 uncursed luckstones Spells and supernatural/magical abilities: Name Level Category Fail Memory O - create monster 2 clerical 100% 6% W - pray for help -- divine ? -- Your skills at the end: Fighting Skills two weapon combat [Basic] wands [Basic] Weapon Skills dagger [Basic] long sword [Expert] saber [Basic] hammer [Skilled] Spellcasting Skills Final Attributes: You were piously aligned. You were fire resistant. You were cold resistant. You were sleep resistant. You were poison resistant. You were level-drain resistant. You were telepathic. You had automatic searching. You were stealthy. You were protected. You were fast. You had reflection. You were wielding two weapons at once. You were very lucky. You had extra luck. Bad luck did not time out for you. Good luck did not time out for you. You are dead. Vanquished creatures: a minotaur a stone golem a titanothere 3 captains a lich 2 lurkers above a ghost a valkyrie a winged gargoyle 3 giant mimics 2 zruties 3 fire giants an ogre king 2 umber hulks a flesh golem 2 large mimics 4 long worms a stalker a water elemental 2 hill giants a giant zombie 4 elf-lords 2 sergeants 8 wargs a winter wolf 5 small mimics 2 warhorses 3 xans 2 ettin mummies an ogre lord 3 quantum mechanics 9 trolls 2 wood golems a large dog 3 freezing spheres 2 flaming spheres 4 shocking spheres a large cat a tiger 2 gargoyles 2 ochre jellies 2 leocrottas an energy vortex 3 mountain centaurs a stone giant an elf mummy a red naga a pit viper a python a cobra a carnivorous ape 2 ettin zombies 4 leather golems 4 Grey-elves 8 soldiers an incubus 2 chameleons a crocodile 5 giant beetles a quivering blob 2 cockatrices a wolf 4 winter wolf cubs a lynx 2 panthers a gremlin a spotted jelly 37 leprechauns an orc-captain 3 iron piercers a mumak 2 giant spiders a horse 2 ice vortices a black light a vampire bat 4 gnome kings 2 orc mummies 3 dwarf mummies 2 ogres 3 brown puddings 2 owlbears a yeti a gold golem a werewolf 4 lizards 2 warriors 6 dogs 4 dingos 4 housecats 3 jaguars a blue jelly a black unicorn 7 dust vortices a raven a plains centaur 2 gnome mummies 2 snakes 3 water moccasins an ape 4 human zombies 5 Woodland-elves 5 soldier ants 18 fire ants 2 bugbears 2 imps 2 quasits 3 wood nymphs 5 water nymphs 5 mountain nymphs 6 Mordor orcs 2 orc shamans 6 rock piercers 3 rock moles 2 ponies 4 fog clouds 4 yellow lights 6 shriekers 3 violet fungi 15 gnome lords 8 gnomish wizards 2 kobold mummies a guardian naga hatchling 3 gray oozes 2 barrow wights 2 ghouls 3 straw golems 3 paper golems 11 giant ants 9 floating eyes 3 kittens 4 dwarves 5 homunculi 2 kobold lords a kobold shaman 7 hill orcs 7 rothes a centipede 2 giant bats 3 monkeys 6 orc zombies 11 dwarf zombies 2 wererats 3 werejackals 10 iguanas 8 killer bees 4 acid blobs 8 coyotes 7 gas spores 3 hobbits 16 manes a large kobold a hobgoblin 15 giant rats 12 cave spiders a brown mold 5 yellow molds a green mold 4 red molds 57 gnomes 10 garter snakes 8 gnome zombies 14 geckos 8 jackals 2 foxes a kobold 4 goblins 4 sewer rats 15 grid bugs 8 bats 7 lichens 2 kobold zombies 12 newts 707 creatures vanquished. Voluntary challenges: You had been an atheist until turn 2442. You used a wielded weapon 871 times, starting on turn 3. You read items or engraved 8 times, starting on turn 139. You never genocided any monsters. You never polymorphed an object. You changed form 1 time, starting on turn 9287. You used no wishes. You split 1 pudding, starting on turn 7920. You never wrote Elbereth's name. You violated your moral code, losing 14 points of alignment, starting on turn 3467. You abstained from Elbereth's help. Dungeon overview: The Dungeons of Doom: levels 1 to 20 Level 1 a long staircase Level 2 a potion shop, a fountain stairs to The Gnomish Mines Level 3 a fountain Level 4 Level 5 Level 6 some fountains Level 7 stairs to Sokoban Level 8 a fountain Level 9 Level 10 a fountain Level 11 a fountain Level 12 a fountain portal to The Quest Level 13 Level 14 some fountains Level 15 Level 16 some fountains Level 17 Level 18 a fountain Level 19 Level 20 <- You were here The Gnomish Mines: levels 3 to 10 Level 3 stairs to The Dungeons of Doom Level 4 Level 5 many shops, a temple to Tyr, some fountains Level 6 Level 7 Level 8 Level 9 Level 10 The Quest: Level 1 a fountain portal to The Dungeons of Doom Sokoban: levels 3 to 6 Level 3 Level 4 Level 5 Level 6 stairs to The Dungeons of Doom History has recorded: On T:1 you entered the Dungeons of Doom to retrieve the Amulet of Yendor! On T:359 you advanced to experience level 2. On T:429 you reached level 2 of The Dungeons of Doom. On T:756 you advanced to experience level 3. On T:952 you advanced to experience level 4. On T:1056 you reached level 3 of The Dungeons of Doom. On T:1525 you reached level 4 of The Dungeons of Doom. On T:2072 you advanced to experience level 5. On T:2123 you reached level 6 of The Dungeons of Doom. On T:2495 you reached level 5 of The Dungeons of Doom. On T:2777 you advanced to experience level 6. On T:3255 you reached level 7 of The Dungeons of Doom. On T:3536 you advanced to experience level 7. On T:4355 you reached level 4 of Sokoban. On T:4606 you reached level 3 of Sokoban. On T:5179 you advanced to experience level 8. On T:5199 you reached level 2 of Sokoban. On T:5537 you reached level 1 of Sokoban. On T:6917 you reached level 1 of The Gnomish Mines. On T:7144 you reached level 2 of The Gnomish Mines. On T:7465 you reached level 3 of The Gnomish Mines. On T:7914 you reached level 4 of The Gnomish Mines. On T:7975 you advanced to experience level 9. On T:8716 you reached level 5 of The Gnomish Mines. On T:9060 you reached level 6 of The Gnomish Mines. On T:9286 you reached level 7 of The Gnomish Mines. On T:9736 you reached level 8 of The Gnomish Mines. On T:11656 you reached level 8 of The Dungeons of Doom. On T:11879 you reached level 9 of The Dungeons of Doom. On T:12148 you reached level 10 of The Dungeons of Doom. On T:12457 you reached level 11 of The Dungeons of Doom. On T:12651 you advanced to experience level 10. On T:12832 you reached level 12 of The Dungeons of Doom. On T:12943 you reached level 1 of The Quest. On T:13163 you reached level 13 of The Dungeons of Doom. On T:13586 you reached level 14 of The Dungeons of Doom. On T:14468 you reached level 15 of The Dungeons of Doom. On T:14790 you reached level 17 of The Dungeons of Doom. On T:15127 you advanced to experience level 11. On T:16406 you reached level 16 of The Dungeons of Doom. On T:17247 you received Sunsword from Tyr. On T:18847 you reached level 18 of The Dungeons of Doom. On T:19236 you advanced to experience level 12. On T:19644 you reached level 19 of The Dungeons of Doom. On T:19953 you reached level 20 of The Dungeons of Doom. Score breakdown: Gold: 9520 (13534 points) Experience: 12 levels (18476 points) Exploration: 20 levels ( 39.22%) (18493 points) Discoveries: 25 items ( 10.04%) ( 9505 points) Valuables value: (no points given unless you survive) Artifact value: 4000 (12253 points) Variety of kills: 173 monsters ( 45.17%) (20162 points) Turncount: 20007 turns (-3403 points) Survival: died (score multiplied by 80%) Total score: 71216 Latest messages: There are several objects here. You miss the sergeant. The sergeant wields a flail! You hit the sergeant! (2x) The sergeant swings her flail at you. The sergeant hits! You kill the sergeant! There are several objects here. You hit the soldier! (2x) The soldier zaps a short wand! The death ray hits you! The death ray is disrupted by your amulet! The soldier is caught in the death field! The soldier is killed! The soldier is caught in the death field! The soldier is killed! The soldier is caught in the death field! The soldier is killed! The soldier is caught in the death field! The soldier is killed! You are caught in the death field! For some reason, you think that you can almost hear the Wizard laugh manically... Final status: Farvel K2 the Valkyrie, killed by a death field... You died in The Dungeons of Doom on dungeon level 20 with 71216 points, and 9520 pieces of gold, after 20007 moves. You were level 12 with a maximum of 98 hit points when you died.